 Dungeon Crawl Stone Soup version 0.27-a0-1193-g8631133539 (webtiles) character file.

Game seed: 13399280329046931323

59901 siradein the Carver (level 14, -7/111 HPs)
             Began as a Demonspawn Gladiator on May 24, 2021.
             Was a Believer of Uskayaw.
             Splashed by an oklob plant's acid (8 damage)
             ... on level 6 of the Lair of Beasts on May 25, 2021.
             The game lasted 01:37:46 (31408 turns).

siradein the Carver (Demonspawn Gladiator)         Turns: 31408, Time: 01:37:47

Health: -7/111     AC: -2    Str: 18    XL:     14   Next: 54%
Magic:  0/23       EV: 19    Int:  9    God:    Uskayaw [**....]
Gold:   985        SH:  4    Dex: 23    Spells: 13/13 levels left

rFire    . . .     SeeInvis .   E - +1 great sword
rCold    . . .     Faith    .   (shield currently unavailable)
rNeg     . . .     Spirit   +   Q - +0 acid dragon scales
rPois    .         Reflect  .   (helmet unavailable)
rElec    .         Harm     .   s - +0 cloak
rCorr    +         Rampage  .   F - +0 pair of gloves
Will     +....                  (no boots)
Stlth    ++........             R - amulet of guardian spirit
HPRegen  0.28/turn              j - +4 ring of protection
MPRegen  0.18/turn              h - +6 ring of dexterity

@: corroded
A: horns 3, icy blue scales 1, condensation shield, demonic magic 2
a: Renounce Religion, Stomp, Line Pass


You were on level 6 of the Lair of Beasts.
You worshipped Uskayaw.
Uskayaw was pleased with you.
You visited 3 branches of the dungeon, and saw 18 of its levels.
You also visited: Sewer.

You collected 985 gold pieces.

Inventory:

Hand Weapons
 y - a +2 short sword of flaming
 z - a +2 scimitar of freezing
 E - a +1 great sword (weapon)
 L - a +0 vampiric falchion
Missiles
 d - 4 throwing nets
 r - 30 poisoned darts (quivered)
 A - 10 atropa-tipped darts
 H - a curare-tipped dart
Armour
 s - a +0 cloak (worn)
 w - +0 storm dragon scales
 F - a +0 pair of gloves (worn)
 M - a +0 kite shield of poison resistance
 Q - +0 acid dragon scales (worn)
Jewellery
 a - a ring of fire
 h - a +6 ring of dexterity (right hand)
 j - a +4 ring of protection (left hand)
 o - a +6 ring of strength
 p - a ring of resist corrosion
 R - an amulet of guardian spirit (around neck)
 X - a ring of flight
Wands
 x - a wand of iceblast (22)
 I - a wand of flame (71)
 S - a wand of charming (24)
 V - a wand of paralysis (4)
Scrolls
 e - 5 scrolls of enchant weapon
 g - 4 scrolls of blinking
 i - a scroll of acquirement {unknown}
 k - 7 scrolls of amnesia
 m - a scroll of torment {unknown}
 n - 3 scrolls of immolation
 q - 3 scrolls of magic mapping
 u - 4 scrolls of teleportation
 D - 2 scrolls of fear {unknown}
 G - 3 scrolls of silence
 J - a scroll of enchant armour {unknown}
 T - a scroll of identify
 W - a scroll of fog {unknown}
 Y - a scroll of brand weapon {unknown}
 Z - a scroll of summoning {unknown}
Potions
 b - a potion of attraction
 c - 4 potions of curing
 f - 7 potions of flight
 l - 4 potions of ambrosia
 v - 3 potions of haste
 B - 2 potions of lignification
 C - 3 potions of brilliance {unknown}
 K - a potion of magic {unknown}
 N - 2 potions of cancellation
 O - a potion of mutation {unknown}
 U - a potion of invisibility {unknown}


   Skills:
 + Level 10.5 Fighting
 - Level 14.0 Long Blades
 - Level 1.7 Throwing
 + Level 9.4 Armour
 + Level 9.9 Dodging
 + Level 4.6 Shields
 + Level 13.0 Invocations


You had 13 spell levels left.
You didn't know any spells.
Your spell library contained the following spells:

 Spells                   Type           Power      Damage    Failure   Level
 Beastly Appendage        Tmut           0%         N/A       45%         1
 Corona                   Hex            0%         N/A       45%         1
 Sting                    Tmut/Pois      0%         1d3       45%         1
 Ensorcelled Hibernation  Hex/Ice        0%         N/A       61%         2
 Poisonous Vapours        Pois/Air       0%         N/A       61%         2
 Wereblood                Tmut           0%         N/A       61%         2
 Confusing Touch          Hex            0%         N/A       83%         3
 Dazzling Flash           Conj/Hex       0%         N/A       83%         3
 Ignite Poison            Fire/Tmut/Pois 0%         N/A       83%         3
 Mephitic Cloud           Conj/Pois/Air  0%         N/A       83%         3
 Spider Form              Tmut/Pois      0%         N/A       83%         3
 Tukima's Dance           Hex            0%         N/A       83%         3
 Ice Form                 Ice/Tmut       0%         N/A       99%         4
 Olgreb's Toxic Radiance  Pois           0%         N/A       99%         4
 Hydra Form               Tmut           0%         N/A       100%        5


Dungeon Overview and Level Annotations

Branches:
Dungeon (11/15)            Temple (1/1) D:6            Lair (6/6) D:11
  Swamp (0/4) Lair:2        Snake (0/4) Lair:2        Slime (0/5) Lair:6
    Orc (0/2) D:9           Sewer (visited)

Altars:
Uskayaw
Xom

Shops:
D:1 :   D:9 !

Annotations:
D:10 exclusion: orange crystal statue
Lair:6 exclusion: 2 oklob plants


Innate Abilities, Weirdness & Mutations

You have a pair of large horns on your head.
You are partially covered in icy blue scales. (AC +2)
A meltable shield of frost defends you. (SH +4)
Spells you cast may paralyse nearby enemies.


Message History

You can now pass through a line of other dancers.
You completely miss the oklob plant.
You headbutt the oklob plant, but do no damage.
The oklob plant is severely damaged.
The oklob plant spits acid at you. The splash of acid hits you. You resist.
The acid corrodes you!
You are splashed with acid!
You resist.
You hit the oklob plant.
The oklob plant is severely damaged.
The oklob plant spits acid at you. The splash of acid hits you! You resist.
You are splashed with acid!
You resist.
* * * LOW HITPOINT WARNING * * *
You hit the oklob plant but do no damage.
You headbutt the oklob plant, but do no damage.
The oklob plant is severely damaged.
The oklob plant spits acid at you. The splash of acid hits you. You resist.
* * * LOW HITPOINT WARNING * * *
You are splashed with acid.
You resist.
* * * LOW HITPOINT WARNING * * *
The oklob plant spits acid at you. The splash of acid misses you.
The oklob plant spits acid at you. The splash of acid hits you. You resist.
* * * LOW HITPOINT WARNING * * *
The acid corrodes you!
You are splashed with acid.
You resist.
* * * LOW HITPOINT WARNING * * *
The oklob plant spits acid at you. The splash of acid hits you. You resist.
* * * LOW HITPOINT WARNING * * *
You are splashed with acid!
You resist.
* * * LOW HITPOINT WARNING * * *
The oklob plant spits acid at you. The splash of acid misses you.
The oklob plant spits acid at you. The splash of acid hits you. You resist.
* * * LOW HITPOINT WARNING * * *
You are splashed with acid!
You resist.
You die...

##########
####.#......### ##
##.#...........##
.#
##........@......#
.###
#...P....####....#
.#.#
#..>....####....##
...#
##..P.####......#
...## #..###
##.....## ..#.##
### ####......#
#....# ##
#......!.##
.#.P.##.#
##....#####
#...(..####P..#.#


You could see 2 oklob plants.

Vanquished Creatures
  Nessos (Lair:5)
  2 catoblepae
  3 hydras
  2 two-headed ogres
  10 death yaks
  The ghost of ardl the Covert, a novice KoEn of Gozag (D:9)
  A sixfirhy (D:10)
  2 bog bodies
  2 lindwurms
  4 oklob plants (Lair:5)
  18 elephants
  Joseph (D:7)
  3 black mambas
  8 cane toads
  A torpor snail (Lair:4)
  7 komodo dragons
  2 rime drakes
  2 unseen horrors
  2 trolls
  11 polar bears
  2 hornets
  Grinder (D:4)
  3 dream sheep (Lair:4)
  24 blink frogs
  5 wyverns
  63 yaks
  A vampire (D:11)
  A shadow (D:11)
  10 spriggans
  4 basilisks
  2 steam dragons (D:6)
  Menkaure (D:4)
  2 vampire mosquitoes (D:10)
  Edmund (D:4)
  3 acid dragons
  13 water moccasins
  5 orc warriors
  7 black bears
  5 ice beasts
  A sky beast (D:5)
  2 boggarts (Lair:6)
  An ogre (D:6)
  3 necrophages
  3 centaurs
  23 wolves
  4 kobold brigands
  18 bullfrogs
  3 water moccasin zombies
  3 scorpions
  13 wights
  2 electric eels
  3 howler monkeys (D:8)
  A bullfrog zombie (D:5)
  2 centaur zombies
  5 hounds
  2 jellies (D:6)
  6 orc priests
  2 centaur skeletons
  A bullfrog skeleton (D:5)
  10 orc wizards
  2 centaur simulacra (D:9)
  A howler monkey zombie (D:6)
  A mummy (D:5)
  2 gnolls (D:5)
  13 adders
  A howler monkey skeleton (D:7)
  A river rat (Sewer)
  2 white imps (D:9)
  6 worms
  2 dart slugs
  40 orcs
  8 endoplasms
  6 giant cockroaches
  11 goblins
  5 hobgoblins
  9 jackals
  3 quokkas
  12 ball pythons
  5 bats
  6 frilled lizards
  A goblin zombie (D:5)
  A hobgoblin zombie (D:5)
  29 kobolds
  11 rats
522 creatures vanquished.

Vanquished Creatures (others)
  71 fungi
  90 plants
161 creatures vanquished.

Grand Total: 683 creatures vanquished

Notes
Turn   | Place    | Note
-------+----------+-------------------------------------------
     0 | D:1      | siradein the Demonspawn Gladiator began the quest for the
                  | Orb.
     0 | D:1      | Reached XP level 1. HP: 16/16 MP: 1/1
    45 | D:1      | Reached skill level 3 in Long Blades
   160 | D:1      | Gained mutation: You have a pair of small horns on your
                  | head. [demonic ancestry]
   160 | D:1      | Reached XP level 2. HP: 18/22 MP: 2/2
   774 | D:1      | Found Pofoaf's Book Shop.
   777 | D:1      | Reached XP level 3. HP: 27/27 MP: 3/3
   779 | D:1      | You fall into a shaft and drop 1 floor!
   942 | D:1      | Reached skill level 4 in Long Blades
  2421 | D:3      | Gained mutation: Spells you cast may paralyse adjacent
                  | enemies. [demonic ancestry]
  2421 | D:3      | Reached XP level 4. HP: 24/33 MP: 4/4
  2811 | D:3      | Reached skill level 5 in Long Blades
  3658 | D:4      | Reached XP level 5. HP: 35/38 MP: 5/5
  3730 | D:4      | Noticed Menkaure
  4627 | D:4      | Reached skill level 6 in Long Blades
  4866 | D:5      | Entered Level 5 of the Dungeon
  4871 | D:5      | Gained mutation: Spells you cast may paralyse nearby
                  | enemies. [demonic ancestry]
  4871 | D:5      | Reached XP level 6. HP: 41/44 MP: 6/6
  5230 | D:5      | Reached skill level 7 in Long Blades
  5245 | D:5      | Found a glowing drain.
  5249 | Sewer    | Entered a sewer
  5840 | Sewer    | Reached XP level 7. HP: 28/50 MP: 7/7
  6263 | D:5      | Found a hide-covered altar of Uskayaw.
  6263 | D:5      | Noticed a +0 falchion
  6263 | D:5      | Noticed a +0 dagger
  6263 | D:5      | Noticed a +0 falchion
  6263 | D:5      | Noticed a +0 spear
  6264 | D:5      | Noticed a +0 short sword
  6265 | D:5      | Noticed a +0 dagger
  6265 | D:5      | Noticed a +0 spear
  6266 | D:5      | Noticed a +0 short sword
  6267 | D:5      | Became a worshipper of Uskayaw the Reveller
  6300 | D:5      | Reached * piety under Uskayaw
  6417 | D:4      | Reached ** piety under Uskayaw
  6426 | D:4      | Reached skill level 8 in Long Blades
  6509 | D:4      | Noticed Grinder
  6515 | D:4      | Killed Grinder
  6770 | D:4      | Killed Menkaure
  6771 | D:4      | Reached skill level 9 in Long Blades
  6771 | D:4      | Gained mutation: You are partially covered in icy blue
                  | scales. (AC +2) [demonic ancestry]
  6771 | D:4      | Reached XP level 8. HP: 30/56 MP: 1/8
  7217 | D:6      | You fall into a shaft and drop 1 floor!
  7376 | D:7      | Noticed Joseph
  7535 | D:6      | Reached *** piety under Uskayaw
  7768 | D:6      | Reached skill level 10 in Long Blades
  8064 | D:6      | Paralysed by a centaur for 3 turns
  8073 | D:6      | Paralysed by a centaur for 4 turns
  8431 | D:6      | Found a staircase to the Ecumenical Temple.
  8447 | Temple   | Entered the Ecumenical Temple
  8841 | D:6      | Reached skill level 11 in Long Blades
  8841 | D:6      | Reached XP level 9. HP: 49/61 MP: 9/9
  9294 | D:5      | Noticed Edmund
  9376 | D:4      | Killed Edmund
 10423 | D:7      | Reached skill level 12 in Long Blades
 10433 | D:7      | Reached **** piety under Uskayaw
 10556 | D:7      | Killed Joseph
 10957 | D:8      | You fall into a shaft and drop 1 floor!
 11252 | D:8      | Reached skill level 13 in Long Blades
 11330 | D:8      | Gained mutation: You have a pair of horns on your head.
                  | [demonic ancestry]
 11330 | D:8      | Reached XP level 10. HP: 61/67 MP: 10/10
 11574 | D:8      | Noticed a six-headed hydra
 11943 | D:9      | Found a runed translucent gate.
 11943 | D:9      | Found a runed translucent gate.
 11943 | D:9      | Found a runed translucent gate.
 12054 | D:9      | Found a staircase to the Orcish Mines.
 12109 | D:9      | Reached ***** piety under Uskayaw
 12214 | D:9      | Found Lasel's Distillery.
 12593 | D:9      | Reached skill level 14 in Long Blades
 12734 | D:9      | Reached skill level 1 in Invocations
 12741 | D:9      | Reached skill level 1 in Armour
 12786 | D:9      | Noticed ardl's ghost (novice KoEn)
 13379 | D:10     | Entered Level 10 of the Dungeon
 13556 | D:10     | Noticed a two-headed ogre
 13566 | D:10     | Killed a two-headed ogre
 13814 | D:10     | Reached XP level 11. HP: 63/76 MP: 14/14
 14191 | D:10     | Noticed an orange crystal statue
 14244 | D:10     | Noticed a two-headed ogre
 14585 | D:10     | Reached skill level 5 in Invocations
 14711 | D:10     | Found a runed translucent door.
 14715 | D:10     | Noticed a sixfirhy
 15768 | D:11     | Reached skill level 5 in Dodging
 15886 | D:11     | Noticed a boulder beetle
 16199 | D:11     | Reached skill level 5 in Fighting
 16750 | D:11     | Found a staircase to the Lair.
 17089 | D:11     | Noticed a two-headed ogre
 17111 | D:11     | Killed a two-headed ogre
 17262 | Lair:1   | Entered Level 1 of the Lair of Beasts
 17546 | Lair:1   | Reached skill level 5 in Armour
 18526 | Lair:2   | Found a staircase to the Swamp.
 18526 | Lair:2   | Noticed a bog body
 18526 | Lair:2   | Noticed a bog body
 18526 | Lair:2   | Noticed a six-headed hydra
 18598 | Lair:2   | Gained mutation: You have a pair of large horns on your
                  | head. [demonic ancestry]
 18598 | Lair:2   | Reached XP level 12. HP: 49/89 MP: 11/17
 18885 | Lair:2   | Reached ****** piety under Uskayaw
 19523 | Lair:2   | HP: 4/91 [bog body/bolt of cold (31)]
 19904 | D:9      | Killed ardl's ghost
 20716 | Lair:2   | Found a staircase to the Snake Pit.
 21170 | Lair:1   | Killed a six-headed hydra
 22057 | Lair:3   | Noticed a death yak
 22057 | Lair:3   | Noticed a death yak
 22057 | Lair:3   | Noticed a death yak
 22103 | Lair:2   | Killed a death yak
 22283 | Lair:1   | Killed a death yak
 22382 | Lair:3   | Reached skill level 10 in Invocations
 22975 | Lair:3   | Found a shimmering altar of Xom.
 23058 | Lair:3   | Gained mutation: A meltable shield of frost defends you.
                  | (SH +4) [demonic ancestry]
 23058 | Lair:3   | Reached XP level 13. HP: 86/99 MP: 16/20
 25258 | Lair:4   | Reached skill level 1 in Shields
 27111 | Lair:5   | Reached XP level 14. HP: 68/109 MP: 10/23
 27286 | Lair:5   | Noticed Nessos
 27341 | Lair:5   | Killed Nessos
 27342 | Lair:5   | Reached skill level 10 in Fighting
 28997 | Lair:6   | Entered Level 6 of the Lair of Beasts
 31388 | Lair:6   | Upgraded the game from 0.27-a0-1191-g601b473118 to
                  | 0.27-a0-1193-g8631133539
 31392 | Lair:6   | Found a staircase to the Slime Pits.
 31407 | Lair:6   | HP: 5/111 [acid (8)]
 31408 | Lair:6   | HP: 1/111 [oklob plant/splash of acid (4)]
 31408 | Lair:6   | Splashed by an oklob plant's acid

Illustrated notes

Levels and vault maps discovered:
D:1:      lightli_arrival_quake, layout_rooms, serial_shops, shop
D:2:      layout_basic, grunt_decor_resistance
D:3:      layout_loops_ring, st_stairs_10
D:4:      layout_basic, dk_noncrumbling_2, minivault_24, uniq_grinder,
          uniq_menkaure
D:5:      layout_loops_cross, nicolae_uskayaw_en_pointe, gup_sewer_entry_bowl,
          nicolae_ossuary_entry_giza, uniq_edmund
D:6:      layout_basic, minmay_temple_entry_slanted, kennysheep_small_square
D:7:      cheibrodos_iron_armory, layout_rooms, uniq_joseph
D:8:      layout_basic
D:9:      layout_roguey, orc_0_dummy, gammafunk_ghost_icy, serial_shops,
          kennysheep_mini_moat, hangedman_abyss_or_decor_lesser_grid
D:10:     cheibrodos_shockbox, layout_loops_corners, minivault_16
D:11:     layout_stronghold, due_lair_maze_entry_diamond,
          nicolae_straight_to_the_point
Temple:   regret_index_temple_sigil_plot
Lair:1:   layout_cave_pods, grunt_megastairs_3
Lair:2:   layout_long_grid, skrybe_swamp_entry_bodies, dummy_snake_entry,
          minivault_23, minmay_holes, infiniplex_staircase_pool
Lair:3:   layout_gridlike, basic_altar
Lair:4:   layout_regular_city, beast_lair_carwin_7, lemuel_fruit_fields,
          wad_woods_river_01
Lair:5:   minmay_lair_oklob_tunnel, layout_loops_ring, uniq_nessos
Lair:6:   minmay_lair_end_enchanted_forest, layout_concentric_octagons,
          minmay_slime_entry_oklob_enclosed

Skill      XL: |  1  2  3  4  5  6  7  8  9 10 11 12 13 14 |
---------------+-------------------------------------------+-----
Long Blades    | 3 4 5 6 7 9 11 13 14 | 14.0
Invocations    | 4 7 10 12 13 | 13.0
Armour         | 2 5 7 8 9 |  9.4
Dodging        | 4 6 7 9 |  9.9
Fighting       | 3 6 8 9 10 | 10.5
Shields        | 3 4 |  4.6
Throwing       | |  1.7

Action                   |  1- 3 |  4- 6 |  7- 9 | 10-12 | 13-15 || total
-------------------------+-------+-------+-------+-------+-------++-------
Melee: Long sword        |   110 |   200 |   210 |    56 |       ||   576
       Headbutt          |    17 |    39 |    91 |   383 |   574 ||  1104
       Scimitar          |       |       |   103 |    58 |    88 ||   249
       Great sword       |       |       |    32 |    72 |    13 ||   117
       Falchion          |       |       |       |   803 |  1159 ||  1962
       Short sword       |       |       |       |     5 |    17 ||    22
Throw: Dart              |       |       |     2 |     9 |     2 ||    13
Invok: Stomp             |       |       |     5 |     1 |       ||     6
       Line Pass         |       |       |    11 |    20 |    10 ||    41
       Grand Finale      |       |       |       |       |     2 ||     2
Evoke: Wand              |       |       |       |     1 |       ||     1
  Use: Scroll            |       |       |     8 |     7 |     5 ||    20
       Potion            |       |       |     2 |     3 |     3 ||     8
 Stab: Sleeping          |     2 |       |       |       |       ||     2
       Confused          |       |       |     3 |    12 |     4 ||    19
       Paralysed         |       |       |     2 |    37 |    91 ||   130
       Petrified         |       |       |       |       |     2 ||     2
Armor: Leather armour    |    28 |       |       |       |       ||    28
       Scale mail        |     6 |    78 |     6 |       |       ||    90
       Storm dragon scal |       |       |   225 |   466 |   553 ||  1244
       Acid dragon scale |       |       |       |     3 |     6 ||     9
Dodge: Dodged            |    68 |    99 |   128 |   335 |   462 ||  1092
Block: Buckler           |       |       |       |   106 |   313 ||   419
       Kite shield       |       |       |       |       |   224 ||   224
       Rpst.: Long sword |    24 |    29 |    18 |     4 |       ||    75
       Scimitar          |       |       |     7 |     6 |     5 ||    18
       Great sword       |       |       |     3 |     6 |       ||     9
       Falchion          |       |       |       |    78 |   107 ||   185

Table legend: (Time is in decaauts)
 A = Elapsed time spent in this place.
 B = Non-inter-level travel time spent in this place.
 C = Inter-level travel time spent in this place.
 D = Time resting spent in this place.
 E = Time spent auto-exploring this place.
 F = Levels seen in this place.
 G = Mean time per level.
                   A        B        C        D        E       F      G
               +--------+--------+--------+--------+--------+-----+--------+
         Total |  30962 |  30199 |    763 |   4685 |  19039 |  19 | 1629.6 |
       Dungeon |  16917 |  16435 |    482 |   2052 |  10864 |  11 | 1537.9 |
        Temple |    167 |    167 |      0 |    166 |      0 |   1 |  167.0 |
          Lair |  12845 |  12564 |    281 |   2374 |   7408 |   6 | 2140.8 |
         Sewer |   1031 |   1031 |      0 |     92 |    766 |   1 | 1031.0 |
               +--------+--------+--------+--------+--------+-----+--------+

Top non-repeatable levels by time:
    D:10: 2704 daAuts
  Lair:5: 2516 daAuts
  Lair:1: 2259 daAuts
  Lair:2: 2160 daAuts
  Lair:4: 2154 daAuts
     D:4: 1949 daAuts
  Lair:3: 1893 daAuts
     D:9: 1892 daAuts
  Lair:6: 1861 daAuts
     D:6: 1829 daAuts
     D:3: 1535 daAuts
    D:11: 1516 daAuts
     D:1: 1239 daAuts
     D:2: 1184 daAuts
     D:5: 1099 daAuts
